 Dungeon Crawl Stone Soup version 0.20-a0-501-g0de2c2e (webtiles) character file.

786 Jmtri7 the Nimble (level 7, -5/57 HPs)
             Began as a Minotaur Monk on Jan 19, 2017.
             Was a Believer of Okawaru.
             Slain by Sigmund
             ... wielding a +0 scythe
              (7 damage)
             ... on level 5 of the Dungeon.
             The game lasted 00:11:04 (3983 turns).

Jmtri7 the Nimble (Minotaur Monk)                   Turns: 3983, Time: 00:11:05

Health: -5/57      AC:  4    Str: 15    XL:     7   Next: 56%
Magic:  5/6        EV: 18    Int:  7    God:    Okawaru [**....]
Gold:   329        SH:  0    Dex: 15    Spells: 6/6 levels left

rFire    . . .     SeeInvis .   d - +0 whip (flame)
rCold    . . .     Gourm    .   s - +0 leather armour
rNeg     . . .     Faith    .   (no shield)
rPois    .         Spirit   .   (helmet restricted)
rElec    .         Reflect  .   (no cloak)
rCorr    .         Harm     .   r - +0 pair of gloves
MR       .....                  (no boots)
Stlth    ++........             (no amulet)
Regen    0.2/turn               (no ring)
                                (no ring)

@: about to teleport
A: retaliatory headbutt, horns 2
a: Heroism, Renounce Religion


You were on level 5 of the Dungeon.
You worshipped Okawaru.
Okawaru was pleased with you.
You were not hungry.

You visited 1 branch of the dungeon, and saw 5 of its levels.

You collected 329 gold pieces.

Inventory:

Hand Weapons
 a - a +0 falchion
 d - a +0 whip of flaming (weapon)
Armour
 b - a +0 robe
 r - a +0 pair of gloves (worn)
 s - a +0 leather armour (worn)
Jewellery
 i - an uncursed ring of resist corrosion {unknown}
Wands
 w - a wand of random effects (6/48)
Scrolls
 e - 4 scrolls of identify
 j - 3 scrolls of remove curse
 l - 6 scrolls of teleportation
 t - 2 scrolls of magic mapping {unknown}
 x - a scroll of recharging {unknown}
 y - a scroll of amnesia {unknown}
Potions
 m - a potion of magic {unknown}
 p - a potion of curing {unknown}
 q - a potion of flight {unknown}
 u - a potion of cancellation {unknown}
 z - a potion of lignification {unknown}
Comestibles
 c - 4 bread rations
 f - 5 chunks of flesh
 o - a beef jerky
 v - a royal jelly


   Skills:
 - Level 3.6 Fighting
 - Level 3.6 Long Blades
 + Level 9.9 Dodging
 - Level 1.5 Stealth


You had 6 spell levels left.
You didn't know any spells.

Dungeon Overview and Level Annotations

Branches:
Dungeon (5/15)
 Temple: D:4-7

Altars:
Fedhas
Okawaru
Ru
Xom
Zin

Annotations:
D:5 Sigmund


Innate Abilities, Weirdness & Mutations

You reflexively headbutt those who attack you in melee.
You have a pair of horns on your head.


Message History

You hit something. Your headbutt misses something.
The goblin shoots a stone.
The stone barely misses you. The hobgoblin misses you.
You miss something. The goblin closely misses you.
You hear some strange, mumbled words.
A puff of flame appears from out of thin air!
The puff of flame misses you.
The goblin shoots a stone.
The stone hits you but does no damage. The hobgoblin misses you.
You barely miss something.
You hear some strange, mumbled words.
A magic dart appears from out of thin air!
The magic dart hits you!
* * * LOW HITPOINT WARNING * * *
The goblin barely misses you.
The goblin shoots a stone.
The stone hits you but does no damage. The hobgoblin closely misses you.
You furiously retaliate!
You headbutt the hobgoblin, but do no damage.
The hobgoblin closely misses you.
As you read the scroll of teleportation, it crumbles to dust.
You feel strangely unstable. Something hits you!
You die...

#.##########.# #.# #.# ##
#.# #.# .. #.##########.#
#.## ###............(
#.#.##...........>...
#.###..#.#.##.......(....
....g..gg.(.......)......
....g.){@..((...)........
....≈≈.g).≈.≈≈.≈≈≈..≈≈..≈
.....≈≈≈≈≈≈≈≈≈≈≈≈≈≈≈≈≈≈≈≈
...g≈≈≈≈≈≈≈≈≈≈≈≈≈≈≈≈≈≈≈≈≈
...5≈≈≈≈≈≈≈≈≈≈≈≈≈≈≈≈≈≈≈≈≈
#''######################
... ..


You could see a crimson imp, 3 hobgoblins and 3 goblins.

Vanquished Creatures
  Pikel (D:5)
  A slave (D:5)
  An ogre (D:4)
  A hound (D:4)
  Ijyb (D:2)
  3 worker ants (D:4)
  3 adders
  A river rat (D:4)
  A worm (D:2)
  5 dart slugs (D:1)
  7 leopard geckos
  10 orcs
  6 bats
  3 giant cockroaches
  8 goblins
  7 hobgoblins
  4 jackals
  7 kobolds
  4 quokkas
  3 ball pythons
  3 frilled lizards
  5 rats
85 creatures vanquished.

Vanquished Creatures (others)
  A slave (D:5)
  A centaur zombie (D:5)
  2 orc wizards (D:5)
  A shadow imp (D:5)
  An adder skeleton (D:5)
6 creatures vanquished.

Grand Total: 91 creatures vanquished

Notes
Turn   | Place    | Note
-------+----------+-------------------------------------------
     0 | D:1      | Jmtri7 the Minotaur Monk began the quest for the Orb.
     0 | D:1      | Reached XP level 1. HP: 19/19 MP: 0/0
   134 | D:1      | Reached skill level 4 in Dodging
   134 | D:1      | Reached XP level 2. HP: 18/26 MP: 1/1
   542 | D:1      | Reached XP level 3. HP: 30/31 MP: 2/2
   990 | D:2      | Reached skill level 5 in Dodging
  1047 | D:2      | Noticed Ijyb
  1059 | D:2      | Killed Ijyb
  1059 | D:2      | Reached XP level 4. HP: 26/39 MP: 3/3
  1339 | D:2      | Upgraded the game from 0.20-a0-495-g2241292 to 0.20-a0-501-g0de2c2e
  1765 | D:3      | Found a shimmering altar of Xom.
  1930 | D:3      | Found a sacrificial altar of Ru.
  1984 | D:3      | Reached skill level 6 in Dodging
  2473 | D:4      | Found an iron altar of Okawaru.
  2529 | D:4      | Became a worshipper of Warmaster Okawaru
  2529 | D:4      | Reached * piety under Okawaru
  2529 | D:4      | Reached ** piety under Okawaru
  2579 | D:4      | Reached XP level 5. HP: 45/45 MP: 4/4
  2967 | D:4      | Noticed an ogre
  2969 | D:4      | Reached skill level 7 in Dodging
  2976 | D:4      | Killed an ogre
  2976 | D:4      | Reached XP level 6. HP: 35/51 MP: 5/5
  2991 | D:4      | Found a glowing silver altar of Zin.
  3490 | D:5      | Entered Level 5 of the Dungeon
  3497 | D:5      | Noticed a slave
  3498 | D:5      | Noticed a slave
  3500 | D:5      | Noticed Pikel
  3502 | D:5      | Noticed a slave
  3503 | D:5      | Noticed a slave
  3505 | D:5      | Killed a slave
  3527 | D:5      | Gained mutation: Your mind is acute. (Int +2) [potion of mutation]
  3527 | D:5      | Gained mutation: You have sharp toenails. [potion of mutation]
  3527 | D:5      | Gained mutation: You possess an exceptional clarity of mind. [potion of mutation]
  3528 | D:5      | Lost mutation: You possess an exceptional clarity of mind. [potion of cure mutation]
  3528 | D:5      | Lost mutation: You have sharp toenails. [potion of cure mutation]
  3528 | D:5      | Lost mutation: Your mind is acute. (Int +2) [potion of cure mutation]
  3530 | D:5      | Killed Pikel
  3530 | D:5      | Reached skill level 9 in Dodging
  3530 | D:5      | Reached XP level 7. HP: 4/57 MP: 6/6
  3815 | D:5      | Found a blossoming altar of Fedhas.
  3956 | D:5      | Noticed Sigmund
  3982 | D:5      | HP: 1/57 [something/magic dart (6)]
  3983 | D:5      | Slain by Sigmund

Vault maps used:
D:1:      dpeg_arrival_yet_another_circle
D:2:      uniq_iyjb
D:3:      lemuel_doored_altar, xom_butterflies, first_bread
D:4:      nicolae_overflow_crystal_walls, overflow_temple_1_default,
          gup_sewer_entry_spiral, item_on_display_a
D:5:      minmay_goblin_kobold_castle, grunt_temple_overflow_cloverleaf,
          grunt_qazlal_clouds, uniq_sigmund, uniq_pikel

Skill      XL: |  1  2  3  4  5  6 |
---------------+-------------------+-----
Dodging        | 4 5 6 7 9 |  9.9
Fighting       | |  3.6
Long Blades    | |  3.6
Stealth        | |  1.5

Action                   |  1- 3 |  4- 6 |  7- 9 || total
-------------------------+-------+-------+-------++-------
Melee: Falchion          |    63 |   138 |       ||   201
       Headbutt          |    14 |    28 |     3 ||    45
       Kick              |       |     1 |       ||     1
       Whip              |       |       |    20 ||    20
Invok: Heroism           |       |       |     1 ||     1
  Use: Scroll            |       |     2 |     5 ||     7
       Potion            |       |     2 |     1 ||     3
 Stab: Sleeping          |     6 |     4 |       ||    10
  Eat: Chunk             |       |     8 |     2 ||    10
Armor: Leather armour    |       |    18 |     3 ||    21
Dodge: Dodged            |    40 |   106 |    31 ||   177
       Rpst.: Falchion   |    11 |    31 |       ||    42
